AoeStats
← 用爱感化队友

African Clearing

510320733Analyzed
4v4 RM · 18h ago on Sep 30, 2026· 33m 3s· 8 players
Game mode
Random Map
Map size
Large (8 player)
Population
200
Speed
Normal
Resources
Standard
Victory
Conquest
Starting age
Dark Age
Ending age
Imperial Age
RankedLock teamsTeams togetherTeam positionsShared explorationLock speedFull tech treeHidden civsTurbo modeCheats
Victory
Defeat
🇺🇸 Varangians · United States
1391
+14
🇩🇪 Danes · Germany
1384
+14
🇸🇬 Mongols · Singapore
1336
+16
🇨🇳 Berbers · China
1306
+18
🇹🇼 Mongols · Taiwan
1404
-18
🇹🇼 Khmer · Taiwan
1389
-17
🇨🇳 Persians · China
1311
-14
🇹🇼 Danes · Taiwan
1290
-13
[UZN] Yen Lo
4:57 Loom
13:53 Feudal Age
15:38 Double-Bit Axe
15:47 Gold Mining
19:00 Castle Age
17:13 Horse Collar
20:19 Bow Saw
22:03 Wheelbarrow
23:10 Scale Mail Armor
23:21 Forging
28:27 Chain Mail Armor
30:18 Iron Casting
29:31 Arson
29:51 Squires
[UZN]Listenphone
6:59 Loom
13:18 Feudal Age
14:13 Double-Bit Axe
20:27 Castle Age
19:01 Stone Mining
22:28 Bow Saw
22:32 Fletching
23:24 Bodkin Arrow
26:33 Gold Mining
27:20 Wheelbarrow
27:15 Husbandry
31:10 Ballistics
Dean
8:44 Loom
14:24 Feudal Age
19:33 Castle Age
17:41 Double-Bit Axe
18:44 Horse Collar
20:49 Bow Saw
22:04 Stone Mining
秦墨子
4:15 Loom
13:22 Feudal Age
17:10 Castle Age
16:30 Double-Bit Axe
17:07 Light Cavalry
18:00 Forging
19:44 Town Watch
23:05 Fletching
26:06 Crossbowman
30:09 Thumb Ring
busy pushing deer
8:32 Loom
14:47 Feudal Age
19:00 Castle Age
17:23 Double-Bit Axe
18:34 Stone Mining
18:32 Fishing Lines
29:20 Bow Saw
用爱感化队友
13:18 Feudal Age
13:38 Loom
14:53 Double-Bit Axe
17:25 Castle Age
18:47 Bow Saw
28:58 Fletching
29:09 Padded Archer Armor
30:05 Ballistics
30:43 Wheelbarrow
29:59 Town Watch
32:38 Bodkin Arrow
33:55 Leather Archer Armor
8316699
12:28 Feudal Age
17:20 Castle Age
15:41 Double-Bit Axe
16:26 Bloodlines
16:24 Scale Barding Armor
16:30 Forging
17:58 Horse Collar
18:38 Bow Saw
19:19 Loom
20:45 Husbandry
21:01 Horse Collar
26:33 Wheelbarrow
28:22 Heavy Plow
28:39 Hand Cart
31:38 Gold Mining
31:39 Stone Mining
32:11 Chain Barding Armor
32:26 Iron Casting
Elron69
15:04 Feudal Age
13:23 Loom
15:08 Feudal Age
16:51 Double-Bit Axe
17:08 Gold Mining
19:28 Castle Age
18:05 Scale Mail Armor
18:53 Arson
20:32 Chain Mail Armor
20:39 Bow Saw
20:49 Gambesons
25:57 Squires
26:09 Horse Collar
27:27 Forging
31:18 Man-at-Arms
32:11 Fletching
32:52 Bodkin Arrow
34:01 Ballistics
Connection lost

Rejoining the realm…

Still unreachable

The connection could not be restored.

Session expired

The server has moved on; the page needs a fresh start.